 Dungeon Crawl Stone Soup version 0.20.1-1-g8b1a95d (webtiles) character file.

3616 Irenicus the Basher (level 10, -3/96 HPs)
             Began as an Ogre Chaos Knight on Oct 7, 2017.
             Slain by an orc warrior
             ... wielding a +4 trident
              (6 damage)
             ... on level 8 of the Dungeon.
             The game lasted 00:22:26 (6281 turns).

Irenicus the Basher (Ogre Chaos Knight)             Turns: 6281, Time: 00:22:28

Health: -3/96      AC:  5    Str: 23    XL:     10   Next: 11%
Magic:  10/10      EV: 10    Int: 20    God:    Xom [.*....]
Gold:   381        SH:  0    Dex: 11    Spells: 9/9 levels left

rFire    + . .     SeeInvis .   g - +2 whip (distort)
rCold    . . .     Gourm    .   (no shield)
rNeg     + . .     Faith    .   A - +2 robe "Goape" {+Blink +Inv rCorr}
rPois    .         Spirit   .   G - +0 hat
rElec    .         Reflect  .   (no cloak)
rCorr    +         Harm     .   (gloves unavailable)
MR       +....                  (boots unavailable)
Stlth    +.........             (no amulet)
Regen    0.3/turn               L - ring of positive energy
MPRegen  0.2/turn               o - ring of protection from fire

@: mighty, brilliant, flying
A: unfitting armour, antennae 1, beak, clever 1, tough skin 1
a: Renounce Religion, Evoke Blink, Evoke Invisibility


You were on level 8 of the Dungeon.
You worshipped Xom.
You were a plaything of Xom.
You were not hungry.

You visited 1 branch of the dungeon, and saw 8 of its levels.

You collected 552 gold pieces.
You spent 171 gold pieces at shops.

Inventory:

Hand Weapons
 a - a +0 mace of chaos
 g - a +2 whip of distortion (weapon)
 N - a +2 morningstar
Armour
 b - a +2 robe
 A - the +2 robe "Goape" (worn) {+Blink +Inv rCorr}
   (You bought it in a shop on level 4 of the Dungeon)

   It lets you turn invisible.
   It lets you blink.
   It protects you from acid and corrosion.
 G - a +0 hat (worn)
 I - a +0 troll leather armour
Jewellery
 d - an uncursed ring of magical power
 o - a ring of protection from fire (right hand)
 y - an uncursed amulet of regeneration
 E - an uncursed ring of flight
 L - a ring of positive energy (left hand)
Wands
 K - a wand of confusion (22/48)
 M - a wand of random effects (12/48)
 P - a wand of acid (7/15)
 Q - a wand of flame (14/48)
Scrolls
 e - 2 scrolls of recharging {unknown}
 f - 2 scrolls of magic mapping {unknown}
 h - 5 scrolls of identify
 j - 4 scrolls of remove curse {unknown}
 l - 6 scrolls of teleportation {unknown}
 p - 3 scrolls of fear {unknown}
 s - a scroll of enchant armour {unknown}
 x - a scroll of enchant weapon {unknown}
 C - 2 scrolls of amnesia {unknown}
 F - a scroll of blinking {unknown}
 J - a scroll of silence {unknown}
Potions
 i - 2 potions of invisibility
 k - 2 potions of mutation
 m - a potion of might
 r - a potion of flight
 t - a potion of ambrosia {unknown}
 u - a potion of heal wounds {unknown}
 v - 2 potions of brilliance
 z - 2 potions of degeneration {unknown}
 D - a potion of cancellation
 H - 2 potions of agility {unknown}
 O - a potion of resistance {unknown}
Books
 B - a book of Misfortune

   Spells                             Type                      Level
   a - Confusing Touch                Hexes                        1
   b - Confuse                        Hexes                        3
   c - Gell's Gravitas                Translocation                3
   d - Petrify                        Transmutation/Earth          4
   e - Metabolic Englaciation         Hexes/Ice                    5
   f - Yara's Violent Unravelling     Hexes/Transmutation          5
Comestibles
 c - 9 bread rations
 n - 13 fruits
 q - 2 meat rations
 w - 15 royal jellies


   Skills:
 - Level 5.0 Fighting
 + Level 12.7 Maces & Flails
 - Level 2.1 Dodging


You had 9 spell levels left.
You didn't know any spells.

Dungeon Overview and Level Annotations

Branches:
Dungeon (8/15)             Temple (0/1) D:6
   Lair: D:8-11

Altars:
Hepliaklqana
Kikubaaqudgha
Makhleb
Nemelex Xobeh
Qazlal
Ru
Trog
Vehumet
Yredelemnul
Zin

Shops:
D:4 *   D:6 !   D:7 (   D:8 }

Annotations:
D:8 Prince Ribbit
Abyss:1 Blork the orc, Grinder


Innate Abilities, Weirdness & Mutations

You are too large for most types of armour.
You have tough skin. (AC +1)
You have a pair of small antennae on your head.
You have a beak for a mouth.
Your mind is acute. (Int +2)


Message History

A sky beast appears from thin air!
Reactivating autopickup.
The sky beast hits you.
* * * LOW HITPOINT WARNING * * *
The sky beast shocks you.
* * * LOW HITPOINT WARNING * * *
The orc hits you but does no damage. The orc warrior closely misses you.
It was a potion of brilliance.
You feel clever all of a sudden.
The sky beast hits you but does no damage.
The orc closely misses you.
The orc warrior hits you but does no damage.
It was a potion of flight.
You feel very buoyant.
You fly up into the air.
The sky beast hits you but does no damage.
The orc barely misses you.
The orc warrior hits you with an enchanted trident.
You die...
Xom chuckles heartily!

.....>##.(#...................#..
......#####....._.......o.....#..
..........#...................#..
.......[..#.............o##..##..
..........#......#.......######รท.
...(.)....#......#...)..[........
......#####......#o..............
......##..#.....Yo.).............
..........#.....@#...............
..........+....o.###+##'###......
######....#...............#......
, #....#...............#...... ,
,p ###)##...............#...... *
*#......#'##.........#...... Y
,*#......#..######....#...... h
#......#..# ,,,+....#......
#######......#..# ,,#....#..##..


You could see 2 orc warriors, a sky beast and an orc.

Vanquished Creatures
  A troll (D:7)
  A wyvern (D:8)
  Sigmund (D:6)
  A hungry ghost (D:7)
  A sky beast (D:6)
  3 phantoms
  A centaur (D:5)
  3 ogres
  2 bullfrogs
  7 wights
  A jelly (D:6)
  2 crimson imps (D:5)
  2 hounds
  A centaur skeleton (D:7)
  3 orc priests
  7 orc wizards
  A bullfrog skeleton (D:5)
  Terence (D:3)
  An iguana (D:6)
  2 worker ants
  A hound skeleton (D:5)
  2 worker ant zombies (D:8)
  Robin (D:4)
  5 gnolls
  3 adders
  2 shadow imps
  An ooze (D:7)
  An adder skeleton (D:4)
  A worm (D:2)
  7 dart slugs
  5 leopard geckos
  27 orcs
  2 ball pythons (D:4)
  3 giant cockroaches
  9 goblins
  7 hobgoblins
  4 jackals (D:2)
  2 quokkas
  5 bats
  9 frilled lizards
  11 kobolds
  A leopard gecko skeleton (D:8)
  A leopard gecko zombie (D:8)
  13 rats
165 creatures vanquished.

Vanquished Creatures (others)
  A two-headed ogre (D:4)
  A hippogriff (D:8)
  An orc warrior (D:8)
  A wight (D:7)
  2 hounds
  An orc wizard (D:5)
  A worker ant (D:4)
  3 gnolls
  A worm (D:2)
  A leopard gecko (D:2)
  An orc (D:8)
14 creatures vanquished.

Grand Total: 179 creatures vanquished

Notes
Turn   | Place    | Note
-------+----------+-------------------------------------------
     0 | D:1      | Irenicus the Ogre Chaos Knight began the quest for the Orb.
     0 | D:1      | Reached XP level 1. HP: 24/24 MP: 1/1
   249 | D:1      | Reached XP level 2. HP: 32/32 MP: 2/2
   271 | D:1      | Reached skill level 3 in Maces & Flails
   485 | D:1      | Reached XP level 3. HP: 40/40 MP: 3/3
  1057 | D:2      | Found a glowing silver altar of Zin.
  1057 | D:2      | Found a burning altar of Makhleb.
  1057 | D:2      | Found an ancient bone altar of Kikubaaqudgha.
  1141 | D:2      | XOM: divination: magic mapping
  1155 | D:2      | Found a sacrificial altar of Ru.
  1155 | D:2      | Found a basalt altar of Yredelemnul.
  1252 | D:2      | XOM: harmless Hex miscast
  1340 | D:2      | Reached skill level 5 in Fighting
  1535 | D:2      | Reached XP level 4. HP: 50/50 MP: 4/4
  1692 | D:3      | Found a stormy altar of Qazlal.
  1731 | D:3      | XOM is BORED!
  1731 | D:3      | XOM: medium Air miscast
  2028 | D:3      | Found a hazy altar of Hepliaklqana.
  2068 | D:3      | Noticed Terence
  2078 | D:3      | Reached skill level 4 in Maces & Flails
  2082 | D:3      | Killed Terence
  2134 | D:3      | Reached XP level 5. HP: 36/57 MP: 5/5
  2202 | D:3      | Noticed Grinder
  2204 | D:3      | XOM: cast spell 'Death Channel'
  2407 | D:3      | XOM: smoke on damage
  2408 | D:3      | Banished Grinder
  2408 | D:3      | Reached skill level 6 in Maces & Flails
  2408 | D:3      | Reached XP level 6. HP: 33/66 MP: 6/6
  2667 | D:4      | XOM: 5-stop teleportation journey
  2685 | D:4      | Noticed Robin
  2706 | D:4      | Killed Robin
  2764 | D:4      | XOM: god gift: 12 royal jellies
  2840 | D:4      | Noticed a phantom
  2852 | D:4      | XOM: scenery: 3 doors open
  2985 | D:4      | XOM: divination: magic mapping
  2989 | D:4      | XOM: harmless Chrm miscast
  3005 | D:4      | Noticed a phantom
  3016 | D:4      | Reached XP level 7. HP: 61/72 MP: 7/7
  3022 | D:4      | Reached skill level 7 in Maces & Flails
  3025 | D:4      | XOM: divination: detect items
  3034 | D:4      | XOM: potion effect (heal wounds)
  3112 | D:4      | Noticed a two-headed ogre
  3117 | D:4      | Banished a two-headed ogre
  3117 | D:4      | Reached skill level 8 in Maces & Flails
  3117 | D:4      | Reached XP level 8. HP: 46/80 MP: 8/8
  3135 | D:4      | Found Tigaeh's Assorted Antiques.
  3138 | D:4      | Bought a lumpy steel amulet for 80 gold pieces
  3138 | D:4      | Bought a dull robe for 91 gold pieces
  3149 | D:4      | Identified the +2 robe "Goape" {+Blink +Inv rCorr} (You bought it in a shop on level 4 of the Dungeon)
  3276 | D:4      | Reached skill level 9 in Maces & Flails
  3316 | D:5      | Entered Level 5 of the Dungeon
  3399 | D:5      | XOM: divination: magic mapping
  3450 | D:5      | Found a sparkling altar of Nemelex Xobeh.
  3512 | D:5      | XOM: harmless Erth miscast
  3587 | D:5      | XOM: harmless Fire miscast
  3783 | D:5      | Reached skill level 10 in Maces & Flails
  3921 | D:6      | Noticed Blork the orc
  3921 | D:6      | XOM: swap monsters
  3925 | D:6      | XOM: destruction
  4099 | D:6      | Reached XP level 9. HP: 54/88 MP: 9/9
  4102 | D:6      | Gained mutation: You are somewhat resistant to further mutation. [mutagenic meat]
  4205 | D:6      | XOM: scenery: 1 doors open
  4266 | D:6      | Found Ycoogarr's Distillery.
  4354 | D:6      | Banished Blork the orc
  4388 | D:6      | Found a staircase to the Ecumenical Temple.
  4451 | D:6      | XOM: 1-stop teleportation journey
  4493 | D:6      | Noticed Sigmund
  4493 | D:6      | XOM: smoke on damage
  4499 | D:6      | Killed Sigmund
  4714 | D:6      | XOM: harmless Chrm miscast
  4731 | D:6      | Found a bloodstained altar of Trog.
  4803 | D:6      | XOM: god gift: 37 gold pieces
  4905 | D:6      | Reached skill level 11 in Maces & Flails
  4970 | D:7      | Noticed a troll
  5082 | D:7      | Killed a troll
  5089 | D:7      | XOM: give mutations
  5089 | D:7      | Gained mutation: You passively map a small area around you. [Xom's grace]
  5089 | D:7      | Gained mutation: Your mind is acute. (Int +2) [Xom's grace]
  5089 | D:7      | Gained mutation: You are robust. (+10% HP) [Xom's grace]
  5224 | D:7      | XOM: cast spell 'Ring of Flames'
  5402 | D:7      | XOM: summons friendly ufetubus
  5436 | D:7      | Found Wist's Antique Weapon Shop.
  5596 | D:7      | Reached skill level 12 in Maces & Flails
  5673 | D:7      | You fall through a shaft!
  5673 | D:8      | Found a radiant altar of Vehumet.
  6049 | D:8      | Found Melick's Gadget Boutique.
  6078 | D:8      | Reached XP level 10. HP: 81/105 MP: 10/10
  6122 | D:8      | Noticed Prince Ribbit
  6130 | D:8      | XOM: divination: detect creatures
  6150 | D:8      | XOM: give mutation
  6150 | D:8      | Lost mutation: Your mind is acute. (Int +2) [Xom's mischief]
  6175 | D:8      | Found a radiant altar of Vehumet.
  6232 | D:8      | XOM: fake destruction
  6278 | D:8      | Lost mutation: You are robust. (+10% HP) [potion of mutation]
  6278 | D:8      | Lost mutation: You passively map a small area around you. [potion of mutation]
  6278 | D:8      | Lost mutation: You are somewhat resistant to further mutation. [potion of mutation]
  6278 | D:8      | Gained mutation: Your mind is acute. (Int +2) [potion of mutation]
  6278 | D:8      | Gained mutation: You have a pair of small antennae on your head. [potion of mutation]
  6278 | D:8      | Gained mutation: You have a beak for a mouth. [potion of mutation]
  6279 | D:8      | HP: 2/96 [sky beast (6)]
  6281 | D:8      | Slain by an orc warrior

Skill      XL: |  1  2  3  4  5  6  7  8  9 |
---------------+----------------------------+-----
Maces & Flails | 3 4 6 8 10 12 | 12.7
Fighting       | 5 |  5.0
Dodging        | |  2.1

Action                   |  1- 3 |  4- 6 |  7- 9 | 10-12 || total
-------------------------+-------+-------+-------+-------++-------
Melee: Mace              |    26 |       |       |       ||    26
       Whip              |    62 |   132 |   294 |    52 ||   540
Evoke: Wand              |       |       |       |     4 ||     4
  Use: Scroll            |       |       |     2 |       ||     2
       Potion            |       |       |       |     4 ||     4
 Stab: Sleeping          |     1 |     1 |       |       ||     2
  Eat: Chunk             |     2 |     4 |    13 |     1 ||    20
Armor: Robe              |    40 |    30 |    40 |     7 ||   117
Dodge: Dodged            |    43 |    55 |    75 |    17 ||   190
